[Event "21st IPCA World Championship 2022"]
[Site "Ashdod"]
[Date "2022.05.12"]
[Round "4.1"]
[White "Mikheev, Stanislav"]
[Black "Obodchuk, Andrei"]
[Result "0-1"]
[ECO "E04"]
[WhiteElo "2333"]
[BlackElo "2295"]
[Annotator "TA"]
[PlyCount "82"]
[EventDate "2022.05.09"]
[EventType "swiss"]
[EventCountry "ISR"]
[SourceTitle "playchess.com"]
[Source "ChessBase"]
[SourceQuality "1"]
[TimeControl "5400+30"]

1. d4 Nf6 2. c4 e6 3. Nf3 d5 4. g3 dxc4 5. Bg2 c6 6. Ne5 Bb4+ 7. Bd2 {[%emt 0:05:42] E04: Open Catalan: 5 Nf3.} Be7 8. e3 b5 $1 {[%emt 0:00:38] 8...b5 is better than 8...0-0.} 9. a4 (9. Nxc6 $14 Nxc6 10. Bxc6+ Bd7 11. Bxa8 Qxa8 12. f3) 9... b4 $1 $11 10. Nxc4 Ba6 {[%emt 0:00:32] [#]} 11. Qc2 $146 (11. b3 $11) ({Predecessor:} 11. b3 O-O 12. O-O Nbd7 13. Bxc6 Rc8 14. Bg2 Nb6 15. Nxb6 Qxb6 16. Be1 e5 17. dxe5 {½-½ (27) Quesada Perez,L (2517)-Alonso Rosell,A (2570) Mexico City 2022}) 11... O-O $15 12. O-O Nbd7 13. Rd1 Rc8 14. e4 Nb6 15. Nxb6 Qxb6 16. Be3 (16. Bf4 $15) 16... Ng4 $17 17. Bf4 c5 18. a5 Qb5 $36 {[%emt 0:00:00][%mdl 2048] Black is on the roll. Black is more active.} 19. d5 e5 20. Bh3 Nxh2 (20... Nxf2 $5 21. Bxc8 (21. Qxf2 exf4 22. Qxf4 Rce8 $15) 21... Nxd1 22. Bxa6 Qxa6 $11) 21. Kxh2 ({But not} 21. Bxc8 Rxc8 22. Kxh2 exf4 23. gxf4 Qd7 $17) 21... exf4 22. gxf4 ({Much worse is} 22. Bxc8 fxg3+ 23. Kg2 Bxc8 $19) 22... Rce8 23. d6 (23. Kg1 $1 $11 {remains equal.}) 23... Bd8 ({Better is} 23... Bh4 $1 $17) 24. b3 $2 (24. Nd2 $1 $11 {and White is okay.}) 24... Bf6 (24... c4 $19 {and Black stays clearly on top. ...cxb3 is the strong threat.} 25. e5 Rxe5 $1 26. bxc4 Qc5 $1 27. fxe5 Qxe5+ 28. Kg1 Qxa1) 25. e5 {[%emt 0:00:49] [#]} (25. Ra2 $17 c4 26. bxc4) 25... Rxe5 $1 $19 26. fxe5 Bxe5+ 27. Kg1 {[%emt 0:00:18][%cal Od6d7] Hoping for d7!} Bxa1 {[%emt 0:00:00] A strong pair of Bishops.} 28. Nd2 Bd4 29. Nf3 Qxa5 30. Nxd4 (30. Qe4 $17 {was worth a try.}) 30... cxd4 31. Rxd4 Qg5+ 32. Rg4 (32. Bg2 $142 Bb7 33. f4) 32... Qh6 33. Qc5 $2 {[%emt 0:11:08] [#]} (33. Bg2 {might work better.} Qxd6 34. Qe4) 33... Bc8 $1 ({And not} 33... Qxh3 34. Rxg7+ Kh8 35. d7 $11) 34. Rh4 (34. Kg2 $142 Bxg4 35. Bxg4) 34... Qxh4 35. Bxc8 {[%emt 0:00:08][%mdl 4096] Endgame KQR-KQB} h6 {[%emt 0:00:00] White must now prevent ...Re8.} 36. Qc7 Qg5+ 37. Kh1 Qd5+ (37... Re8 $142 38. Kh2 Re1 39. Bb7 Qg1+ 40. Kh3 Qxf2 41. Qd8+ Kh7 42. Qe7 Rxe7 43. dxe7 Qe3+ 44. Kg2 Qxe7 45. Bf3 Qe3 46. Bb7 Qxb3 47. Be4+ g6 48. Kf2 f5 49. Bb7 Qd3 50. Bc8 Qc2+ 51. Kg3 Qxc8 52. Kg2 b3 53. Kg3 b2 54. Kh3 Qc3+ 55. Kg2 b1=Q 56. Kh2 Qbc2+ 57. Kh1 Qe1#) 38. Kg1 {[%emt 0:00:09] Black is clearly winning.} Qxb3 {[%emt 0:00:00] aiming for ...Qd1+.} 39. Ba6 Qd1+ 40. Kg2 b3 {[%emt 0:00:00][%cal Bb4b3,Bb3b2][%mdl 32] ( -> ...b2)} 41. Bc4 b2 {[%emt 0:00:00] Weighted Error Value: White=1.08/Black=0.57} 0-1

[Event "21st IPCA World Championship 2022"]
[Site "Ashdod"]
[Date "2022.05.12"]
[Round "4.2"]
[White "Gurbanov, Andrei"]
[Black "Zilberman, Yaacov"]
[Result "1/2-1/2"]
[ECO "A56"]
[WhiteElo "2302"]
[BlackElo "2315"]
[Annotator "TA"]
[PlyCount "37"]
[EventDate "2022.05.09"]
[EventType "swiss"]
[EventCountry "ISR"]
[SourceTitle "playchess.com"]
[Source "ChessBase"]
[SourceQuality "1"]
[TimeControl "5400+30"]

1. d4 Nf6 2. c4 c5 3. d5 e5 4. Nc3 d6 5. e4 Be7 6. h3 h5 {[%emt 0:02:13] A56: Czech Benoni.} 7. Be3 Nbd7 8. Nf3 Nf8 {[%emt 0:01:28] White is better.} 9. Qd2 {[%emt 0:00:43] White is more active.} h4 10. O-O-O (10. Be2 $16) 10... Ng6 $11 {[%emt 0:00:48] [#]} 11. Kb1 $146 ({Predecessor:} 11. g3 Bd7 12. Kb1 a6 13. Nxh4 Nxh4 14. gxh4 Rxh4 15. f4 Ng4 16. Bxc5 dxc5 17. Rg1 {1-0 (30) Irzhanov,R (2480)-Dyachkov,S (2520) Halle 1995}) 11... Nh5 12. Rg1 Nhf4 13. Rh1 Bd7 14. Ng1 a6 15. g3 Nh5 16. g4 {[%emt 0:07:24] Black is slightly better.} Nhf4 17. Nf3 Rb8 18. a4 Qa5 19. b3 {[%emt 0:51:01] Weighted Error Value: White=0.22 (precise) /Black=0.10 (very precise)} 1/2-1/2

[Event "21st IPCA World Championship 2022"]
[Site "Ashdod"]
[Date "2022.05.12"]
[Round "4.3"]
[White "Cosic, Radoslav"]
[Black "Yarmonov, Igor"]
[Result "0-1"]
[ECO "A06"]
[WhiteElo "2003"]
[BlackElo "2394"]
[Annotator "TA"]
[PlyCount "140"]
[EventDate "2022.05.09"]
[EventType "swiss"]
[EventCountry "ISR"]
[SourceTitle "playchess.com"]
[Source "ChessBase"]
[SourceQuality "1"]
[TimeControl "5400+30"]

1. Nf3 d5 2. b3 Nf6 3. Bb2 e6 4. e3 Nbd7 5. Nc3 c6 {[%emt 0:00:16] [#]} 6. Ne2 $146 {[%emt 0:02:34] A06: Réti Opening: 1 Nf3 d5.} ({Predecessor:} 6. g3 e5 7. Bg2 Bd6 8. Ng5 h6 9. Nf3 O-O 10. d4 e4 11. Nd2 Re8 12. Qe2 {0-1 (21) Seitz,B (1046)-Knoblauch Becker,M (1620) GER email 2019}) 6... Bd6 7. Ng3 h5 8. d3 {[%emt 0:03:29] Black is slightly better.} h4 9. Ne2 Qe7 10. h3 e5 11. a3 a5 12. c4 dxc4 13. bxc4 a4 14. Nc3 Nc5 15. Nd2 (15. Be2 $11 {keeps the balance.}) 15... O-O $17 16. Be2 Bc7 17. d4 $2 (17. Qc2 $17 {is more resistant.}) 17... exd4 $19 18. exd4 Nd3+ 19. Kf1 Nxb2 20. Qc2 {[%emt 0:00:01] [#]} Nxc4 21. Bxc4 Ba5 22. Nf3 Be6 23. Bxe6 Qxe6 24. Nxa4 Rfe8 25. Nc5 Qd5 26. Rb1 b5 27. Nd3 (27. Qb3 {keeps fighting.}) 27... Ne4 28. Nde5 f6 (28... Bc3 $142 29. Qb3 Bxd4 30. Qxd5 cxd5 31. Nxd4 Nd2+ 32. Ke2 Nxb1 33. Rxb1 Rxe5+ 34. Kf1 Rxa3 35. Nxb5 Ra2) 29. Nxc6 Bc3 30. Qb3 Qxb3 {[%emt 0:00:00] Black is much more active.} 31. Rxb3 {[%emt 0:00:02] [#]} b4 $36 {[%emt 0:00:00][%mdl 2048] Black is really pushing.} ({Black should play} 31... Be1 $1 32. Re3 (32. Kxe1 Ng3+ 33. Kd2 Nxh1 $17) (32. Rxb5 $2 Bxf2 33. Ra5 Rxa5 $19) 32... Ng3+ $1 33. Kxe1 Rxe3+ 34. fxe3 Nxh1) 32. Nxb4 $17 Bxb4 33. Rxb4 Rxa3 34. Kg1 Ng3 $1 35. Rb1 {[%emt 0:03:55] Against Ra1} Nxh1 $19 36. Kxh1 {[%emt 0:00:01][%mdl 4096] Endgame KRR-KRN} g5 37. Rd1 Kf7 38. Rd2 Kg6 39. Kh2 Kh5 40. Ng1 (40. d5 $142) 40... f5 $2 (40... Rea8 $19 {and Black stays clearly on top. Strongly threatening ...Ra2.} 41. g4+ Kg6) 41. g3 $2 (41. d5 $17) 41... hxg3+ 42. fxg3 Ree3 43. Ne2 Kg6 44. Kg2 Kf6 45. Kf2 Ke7 46. Rb2 Rf3+ 47. Kg2 Rfb3 48. Rc2 Kd6 49. Kf2 Rf3+ 50. Kg2 Rfe3 51. Kf2 Re7 52. Rb2 Rh7 53. Kg2 Kd5 {[%emt 0:01:37] And now ...Ke4 would win.} 54. Rb5+ Ke4 {[%emt 0:00:35] ...Ra2 is the strong threat.} 55. Re5+ Kd3 56. Ng1 $2 (56. d5 $17 {is a better defense.}) 56... Ra2+ 57. Kf3 Rf7 ({And not} 57... Kxd4 58. Rxf5 Re7 59. Kg4 $15) 58. Re3+ Kxd4 59. Ne2+ Kc4 60. Re8 $2 (60. h4 f4 61. Re4+ Kc5 62. hxg5 Ra3+ 63. Kf2 fxg3+ 64. Kg1) 60... Ra3+ 61. Kf2 Kd5 62. h4 gxh4 63. gxh4 f4 {[%emt 0:00:24][%cal Bf5f4,Bf4f3,Bf3f2][%mdl 32] Threatens to win with ...f3.} 64. Rc8 Rh3 $2 ({Black should try} 64... f3 $19 65. Nc3+ Ke5) 65. h5 $2 {[%emt 0:00:09][%mdl 8192] [#]} (65. Rd8+ $15 Kc5 66. Rc8+ Kb5 67. Rb8+ Kc5 68. Rc8+ Kd5 69. Rd8+ Kc6 70. Rc8+ Kd6 71. Rc4) 65... f3 $1 {[%emt 0:01:24] Black is clearly winning.} ({Not} 65... Rxh5 66. Kf3 $15) 66. Rd8+ Ke5 67. Re8+ {[%emt 0:00:41] [#]} Kd6 $1 68. Nc3 Rh2+ 69. Kg3 f2 70. Ne4+ Kd7 {[%emt 0:00:35] Weighted Error Value: White=0.55/Black=0.23 (precise)} 0-1

[Event "21st IPCA World Championship 2022"]
[Site "Ashdod"]
[Date "2022.05.12"]
[Round "4.4"]
[White "Valenta, Vit Vaclav"]
[Black "Campos, Eugenio"]
[Result "0-1"]
[ECO "A00"]
[WhiteElo "2014"]
[BlackElo "2247"]
[Annotator "TA"]
[PlyCount "58"]
[EventDate "2022.05.09"]
[EventType "swiss"]
[EventCountry "ISR"]
[SourceTitle "playchess.com"]
[Source "ChessBase"]
[SourceQuality "1"]
[TimeControl "5400+30"]

1. b4 Nf6 2. Bb2 e6 3. a3 Be7 4. Nf3 O-O 5. c4 d6 6. g3 {[%emt 0:00:21] A00: Irregular Openings.} b6 7. Bg2 Bb7 8. O-O {[%emt 0:00:29] The position is equal.} Nbd7 {[%emt 0:00:14][%cal Bb8d7,Bd7e5,Be5f3][%mdl 32] [#]} 9. d3 $146 ({Predecessor:} 9. d4 h6 10. Nc3 a6 11. d5 exd5 12. cxd5 Re8 13. Nd4 Ne5 14. Qb3 Qd7 15. f4 {1-0 (25) Trokenheim,M (1782)-Vontina,M (810) LSS email 2012}) 9... c5 10. e4 Qc7 11. Nc3 Rac8 12. Re1 Rfd8 13. Qb3 Ne5 14. Rad1 Nfd7 15. Ne2 (15. Nxe5 $14 dxe5 16. b5) 15... Nxf3+ 16. Bxf3 Bf6 17. Bg2 Ne5 18. f4 Ng4 19. Bxf6 Nxf6 20. Nc3 a6 21. h3 (21. b5 $11 {remains equal.}) 21... cxb4 $17 22. axb4 b5 $1 23. Bf1 Qb6+ 24. Kg2 bxc4 25. dxc4 Nxe4 26. Rxe4 $4 {[%emt 0:00:00][%mdl 8192] This costs White the game.} (26. Nxe4 $11 {and White stays safe.} f5 27. Bd3 (27. c5 $2 dxc5 28. Bc4 Kf7 $19)) 26... f5 $19 {[%emt 0:00:33][%mdl 64] [#] Pin} ({But not} 26... Qe3 $2 27. Qc2 f5 28. Qd2 Qxd2+ 29. Rxd2 $19) 27. Bd3 Qe3 {[%emt 0:01:52][%mdl 64] Pin. Black is clearly winning.} (27... fxe4 $2 {is the wrong capture.} 28. Bxe4 Bxe4+ 29. Nxe4 $19) ({Worse is} 27... Bxe4+ 28. Nxe4 fxe4 29. Bxe4 $17) 28. Qc2 fxe4 29. Nxe4 (29. Bxe4 $142 Rxc4 30. Bxb7 Rxc3 31. Qf2) 29... d5 {[%emt 1:01:57] Weighted Error Value: White=0.59/Black=0.20 (precise)} 0-1

[Event "21st IPCA World Championship 2022"]
[Site "Ashdod"]
[Date "2022.05.12"]
[Round "4.5"]
[White "Babanov, Aleksandr"]
[Black "Lipilin, Ilia"]
[Result "1-0"]
[ECO "D02"]
[WhiteElo "1929"]
[BlackElo "2198"]
[Annotator "TA"]
[PlyCount "137"]
[EventDate "2022.05.09"]
[EventType "swiss"]
[EventCountry "ISR"]
[SourceTitle "playchess.com"]
[Source "ChessBase"]
[SourceQuality "1"]
[TimeControl "5400+30"]

1. Nf3 d5 2. g3 Nf6 3. Bg2 c5 4. e3 Nc6 5. d4 e6 6. O-O b6 {[%emt 0:00:20] D02: 1 d4 d5 2 Nf3 sidelines, including 2...Nf6 3 g3 and 2...Nf6 3 Bf4.} 7. Nbd2 Be7 8. b3 cxd4 {[%emt 0:01:43] The position is equal.} 9. exd4 Ba6 10. Re1 Rc8 11. a3 {[%emt 0:02:47] Inhibits Nb4.} O-O 12. Bb2 {[%emt 0:00:29] [#]} Rc7 $146 ({Predecessor:} 12... Bb7 13. Ne5 Re8 14. Ndf3 Nxe5 15. Nxe5 Qc7 16. Rc1 Bd6 17. f4 Nd7 18. Bf1 Nxe5 19. fxe5 {1-0 (47) Kaczmarek,T (1586)-Krogulski,M (1313) Warsaw 2021}) 13. Rc1 Bd6 14. Ne5 Qe7 (14... Ne7 $11) 15. c4 $16 Na5 ({Black should play} 15... Nd8) 16. cxd5 $1 Rxc1 17. Qxc1 Rc8 18. Nc6 (18. Qd1 $1 $16 {Black must now prevent b4.} Nxd5 19. b4) 18... Qd7 $1 $11 19. Qd1 {[%emt 0:08:58] Hoping for dxe6.} exd5 20. Nxa5 bxa5 21. Nf3 h6 22. Qd2 Qb5 23. Qd1 Qd3 24. Bf1 (24. Qxd3 $11 {keeps the balance.} Bxd3 25. Ne5) 24... Qxd1 $17 25. Rxd1 Bxf1 26. Kxf1 Rb8 27. Rd3 a4 $1 28. b4 a5 $1 29. Ne5 axb4 30. Nc6 (30. axb4 $17 Bxb4 31. f3) 30... bxa3 31. Bxa3 Rb1+ 32. Ke2 Bxa3 33. Rxa3 {[%emt 0:00:14][%mdl 4096] Endgame KRN-KRN} Rb6 34. Ne5 Rb4 (34... Rb2+ $17 35. Ke3 Ne4) 35. Ke3 (35. Kd3 $1 $11 {remains equal.}) 35... Ne4 36. Nc6 {[%emt 0:03:08] [#]} Rb3+ 37. Rxb3 axb3 {[%emt 0:00:00] KN-KN} 38. Kd3 Nxf2+ 39. Kc3 Ng4 40. Ne7+ Kf8 41. Nxd5 Nxh2 42. Ne3 $2 (42. Kxb3 $17 {nothing else works.} h5 43. Nf4) 42... Nf3 $19 {[%emt 0:00:00][%cal Of3d4] And now ...Nxd4! would win.} 43. d5 Nd4 44. g4 {[%emt 0:00:36] [#]} ({Don't blunder} 44. Kxd4 $2 b2 45. Ke4 b1=Q+ $19) (44. Nf1 $142 b2 45. Kxb2) 44... Ke7 $1 45. Nc4 (45. Nd1 Nf3) 45... Nb5+ 46. Kxb3 Nd6 {[%emt 0:00:06] Threatens to win with ...Nxc4.} 47. Ne3 Kf6 48. Kc3 (48. Kb4 $142 Ke5 49. Kc5) 48... Ke5 49. Kd3 g6 50. Kc3 Ke4 51. Kd2 Kf3 (51... f5 $142 {Strongly threatening ...fxg4.} 52. Ke2 fxg4 53. Nxg4 h5 54. Nf6+ Ke5 55. Nd7+ Kxd5) 52. Kd3 h5 $2 (52... Nb7 $19 53. Kd4 h5 54. gxh5 gxh5) 53. gxh5 $11 gxh5 54. Nc4 Ne4 {[%emt 0:04:44][%mdl 8192] [#] White leaves nothing to chance now.} (54... Nxc4 {is a self mate.} 55. Kxc4 Kg4 56. d6 h4 57. d7 h3 58. d8=Q h2 59. Qd1+ Kg3 60. Kd4) (54... Nb7 $11 55. Ne5+ Kg3 56. Nxf7 h4) 55. Nd2+ $1 $18 Kf4 56. Nxe4 {[%emt 0:00:19] KN-KPP} Ke5 {[%emt 0:00:08] White mates.} 57. d6 Ke6 58. Kc4 h4 59. Kc5 Kd7 60. Nf6+ Kd8 61. Kc6 h3 62. Ng4 f5 63. Nh2 f4 64. Nf3 Kc8 65. Kd5 Kd8 66. Ke6 Ke8 67. d7+ Kd8 68. Ne5 h2 69. Kd6 {[%emt 0:00:15] Weighted Error Value: White=0.57/Black=0.33} 1-0

[Event "21st IPCA World Championship 2022"]
[Site "Ashdod"]
[Date "2022.05.12"]
[Round "4.6"]
[White "Srimskov, Elishar"]
[Black "Shapiro, Benny"]
[Result "1/2-1/2"]
[ECO "A04"]
[WhiteElo "1992"]
[BlackElo "1884"]
[Annotator "TA"]
[PlyCount "50"]
[EventDate "2022.05.09"]
[EventType "swiss"]
[EventCountry "ISR"]
[SourceTitle "playchess.com"]
[Source "ChessBase"]
[SourceQuality "1"]
[TimeControl "5400+30"]

1. Nf3 c5 2. b3 Nc6 3. Bb2 d6 4. e3 e5 5. d3 g6 {[%emt 0:02:48] [#]} 6. Nc3 $146 {[%emt 0:04:01] A04: Unusual lines after 1 Nf3 and King's Indian Attack.} ({White should try} 6. g3 $11) ({Predecessor:} 6. c4 Bg7 7. a3 Nge7 8. Nbd2 O-O 9. Qc2 h6 10. h4 Be6 11. Be2 f5 12. Rd1 {½-½ (56) Cruz Estrada,F (2395)-Vocaturo,D (2578) Barcelona 2015}) 6... Nge7 (6... d5 $15) 7. d4 $1 $11 exd4 8. exd4 {[%emt 0:01:31] And now d5 would win. The position is equal.} Bg7 9. dxc5 Qa5 10. Qd2 dxc5 11. Na4 (11. Bc4 {keeps more tension.} O-O 12. O-O-O Rd8 13. Qe1) 11... Qxd2+ 12. Nxd2 Nd4 13. O-O-O O-O (13... b6 $1 $11 {remains equal.}) 14. Nxc5 $16 Bf5 15. Nce4 (15. Nxb7 $16 {c3 is the strong threat.} Nxc2 16. Bxg7 Kxg7 17. Kb2 (17. g4 Bc8 $14)) 15... Rfd8 $1 $11 16. f3 h5 (16... Nd5 $1 $11 {keeps the balance.}) 17. Bd3 (17. Nc4 $1 $16) 17... Nd5 $1 18. Rhe1 {[%emt 0:07:44] Prevents Ne3.} a5 19. a3 (19. Bc4 {is more complex.} Nf4 20. Bxd4 Bxd4 21. Ng5) 19... Nf4 20. g3 (20. Bf1 $11 {was the only way to keep the balance.}) 20... Ng2 (20... Nxd3+ $17 21. cxd3 a4 22. bxa4 Rac8+ 23. Kb1 Nc2) 21. Rg1 Ne3 $36 {[%emt 0:00:00][%cal Od4f3][%mdl 2048] Hoping for ...Nxf3! White is under pressure.} 22. Rde1 Bh6 (22... Bxe4 $11 23. Bxe4 (23. Rxe3 Bxd3 24. cxd3 Nf5 $19) 23... Nexc2 $1 24. Bxc2 Nxc2 25. Kxc2 Bxb2) 23. Kb1 $2 {[%emt 0:01:16] [#]} (23. f4 $16 Nexc2 24. Bxc2 Nxc2 25. Kxc2) 23... Ndxc2 24. Bxc2 (24. Nf6+ Kf8) 24... Nxc2 25. Nf6+ Kf8 {[%emt 0:00:00] Weighted Error Value: White=0.53/Black=0.41} (25... Kg7 $17 26. Re8 Bxd2 27. Ne4+ Kh6 28. Rxd8 {[#]} Nxa3+ $1 29. Bxa3 Rxd8) 1/2-1/2

[Event "21st IPCA World Championship 2022"]
[Site "Ashdod"]
[Date "2022.05.12"]
[Round "4.7"]
[White "Gerasimova, Svetlana"]
[Black "Mekus, Manuela"]
[Result "1-0"]
[ECO "B07"]
[WhiteElo "1906"]
[BlackElo "1644"]
[Annotator "TA"]
[PlyCount "71"]
[EventDate "2022.05.09"]
[EventType "swiss"]
[EventCountry "ISR"]
[SourceTitle "playchess.com"]
[Source "ChessBase"]
[SourceQuality "1"]
[TimeControl "5400+30"]

1. e4 d6 2. d4 g6 3. Nc3 Bg7 4. Be3 Nf6 5. f3 Nbd7 6. Qd2 c5 ({Black should play} 6... c6 $14) 7. Nge2 {[%emt 0:00:35] B07: Pirc Defence: Miscellaneous Systems.} ({White should try} 7. dxc5 $16 Nxc5 8. e5) 7... O-O 8. O-O-O b6 (8... Qa5 $142) 9. g4 $16 {[%emt 0:00:52] White is clearly better.} Bb7 10. Bh6 {[%emt 0:01:00] [#]} (10. h4 $142) 10... cxd4 $146 ({Predecessor:} 10... a6 11. h4 Re8 12. Bxg7 Kxg7 13. h5 Ng8 14. hxg6 fxg6 15. Nf4 Nf8 16. Bc4 e6 17. dxc5 dxc5 {1-0 (28) Dobosz,L (2137)-Zowada,K (2233) Polanica Zdroj 1999}) 11. Nxd4 Ne5 (11... Bxh6 $16 12. Qxh6 Kh8) 12. h4 Re8 13. h5 Bh8 (13... Bxh6 $2 14. Qxh6 e6 15. Be2) 14. hxg6 fxg6 15. Bb5 e6 16. Bxe8 Qxe8 17. Ncb5 (17. Ndb5 $142 $1) 17... Nxf3 $18 18. Nxf3 Qxb5 19. Qxd6 Re8 20. Nd4 Qc4 (20... Qc5 {was worth a try.} 21. Qxc5 (21. Nxe6 Qxd6 22. Rxd6 Nxg4 $18) 21... bxc5) 21. Kb1 $2 (21. Rhf1 $18 Qxa2 22. Nb3 (22. Qc7 Qa1+ 23. Kd2 Qxb2 $11) 22... Bxe4 23. Rd2 (23. Qc7 Qxb2+ 24. Kxb2 Nd5+ 25. Kc1 Nxc7 $14)) 21... Bxe4 {[%emt 0:00:00] And now ...e5 would win.} 22. Rhf1 {[%emt 0:01:45] Threatens to win with g5.} Bd5 23. Qa3 {[%emt 0:08:59] White is more active.} Qc5 (23... a6 $14) 24. Qa4 $36 {[%emt 0:17:57][%mdl 2048] g5 is the strong threat. White is really pushing.} Qe7 $2 (24... Rc8 $16) 25. g5 Nd7 26. Nc6 Qc5 {[%emt 0:00:00] [#]} (26... Qd6) 27. Nb4 $2 ({Weaker is} 27. Qf4 e5 28. Rxd5 exf4 $17) (27. Ne5 $1 b5 28. Nxd7 bxa4 29. Nxc5) 27... b5 {[%emt 0:00:00] [#]} 28. Qa5 {[%emt 0:02:08] Really sharp!} ({But not} 28. Qa3 $6 Bc4 $16) 28... Qb6 (28... Bc4 $16 {was called for.}) 29. Qxb6 Nxb6 30. Nxd5 Nxd5 31. Rd3 {[%emt 0:00:25] Inhibits Ne3.} a5 32. Rdf3 {[%emt 0:00:32] Intending Rf8+ and mate.} Bg7 {[%emt 0:00:00] Prevents Rf8+.} 33. Rf7 Bxh6 34. gxh6 {[%emt 0:00:05] Rg7+ would kill now.} Ne7 (34... Ne3 $18 35. Rg7+ Kh8) 35. Rg7+ Kh8 {[%emt 0:00:00] [#]} 36. Rxe7 $1 {[%emt 0:00:08][%mdl 512] Weighted Error Value: White=0.48/Black=0.77} 1-0

[Event "21st IPCA World Championship 2022"]
[Site "Ashdod"]
[Date "2022.05.12"]
[Round "4.8"]
[White "Frumin, Rebeka"]
[Black "Alperovich, Asher"]
[Result "0-1"]
[ECO "B34"]
[WhiteElo "1319"]
[BlackElo "1865"]
[Annotator "NA RC COMBH"]
[PlyCount "144"]
[EventDate "2022.05.09"]
[EventType "swiss"]
[EventCountry "ISR"]
[SourceTitle "playchess.com"]
[Source "ChessBase"]
[SourceQuality "1"]
[TimeControl "5400+30"]

1. e4 c5 2. Nf3 g6 3. d4 cxd4 4. Nxd4 Bg7 5. Bc4 Nc6 6. Nxc6 bxc6 7. O-O Nf6 8. e5 Ng8 9. Qf3 e6 10. Qg3 Qa5 11. Bf4 Ne7 12. Nc3 Nf5 13. Qf3 Bxe5 14. Bxe5 Qxe5 15. Rfe1 Qg7 16. Bd3 Nd4 17. Qf4 O-O 18. Ne4 f5 19. Ng3 c5 20. c3 Nc6 21. a3 Bb7 22. Rad1 Rfe8 23. Qd6 Qe7 24. Qf4 Kh8 25. h4 (25. Bc4 $15) 25... Rad8 (25... e5 $17 26. Qh6 e4) 26. Qh6 Qg7 27. Qxg7+ Kxg7 28. Bc4 Kf6 29. Rd2 Ne5 30. Bb3 d5 31. f3 Ba6 32. Ne2 Nd3 33. Red1 c4 34. Bc2 Nxb2 35. Rb1 Nd3 36. Nd4 Rb8 37. Rbd1 Rb6 38. Re2 Re7 39. a4 e5 40. a5 exd4 41. Rxe7 Kxe7 42. axb6 axb6 43. Bxd3 cxd3 44. cxd4 Bc4 45. Kf2 f4 46. g3 (46. Rb1 $16) 46... fxg3+ 47. Kxg3 b5 48. Kf4 Kf6 49. Kg4 $2 (49. Ra1 $11) 49... b4 50. Rd2 b3 $2 ({Black should play} 50... Bb3 $19 51. Rxd3 Bc2) 51. Kf4 Bb5 52. Ke3 Kf5 53. Rb2 Bc4 54. f4 Kg4 55. Rh2 h6 56. h5 $2 (56. Rg2+ $11 {and White stays safe.} Kf5 57. Rb2) 56... gxh5 57. Rg2+ Kf5 58. Kf3 h4 59. Rh2 $19 Ba6 60. Rd2 h5 61. Rb2 Bc4 62. Rf2 h3 63. Rd2 h4 64. Rb2 d2 65. Rxd2 Bf1 66. Kf2 Bg2 67. Kg1 {[%emt 0:00:37] [#]} Be4 $1 68. Rb2 Bc2 69. Kh2 Kg4 70. f5 Kxf5 71. Kxh3 Ke4 72. Kxh4 Kxd4 0-1

[Event "21st IPCA World Championship 2022"]
[Site "Ashdod"]
[Date "2022.05.12"]
[Round "4.9"]
[White "Aleksandrova, Aleksandra"]
[Black "Pilimon, Zbigniew"]
[Result "1-0"]
[ECO "D00"]
[WhiteElo "1687"]
[BlackElo "1620"]
[Annotator "NA RC COMBH"]
[PlyCount "83"]
[EventDate "2022.05.09"]
[EventType "swiss"]
[EventCountry "ISR"]
[SourceTitle "playchess.com"]
[Source "ChessBase"]
[SourceQuality "1"]
[TimeControl "5400+30"]

1. d4 Nf6 2. e3 e6 3. Bd3 d5 4. Nd2 Nbd7 5. f4 b6 6. g4 Bb7 7. Qf3 c5 8. c3 g6 9. Ne2 Qc7 10. a4 a6 11. Ng3 O-O-O 12. O-O h5 13. g5 Ne8 14. h4 Nd6 15. Qe2 c4 16. Bc2 Nf5 17. Nxf5 exf5 18. Nf3 Bd6 19. Bd2 Rde8 20. Qf2 Re7 21. Rfb1 f6 22. b3 Rhe8 23. Bd1 Re4 24. Nh2 fxg5 25. hxg5 Nf8 26. Nf1 R4e7 27. Bf3 Rh7 28. Qg2 Qf7 29. bxc4 dxc4 30. Rxb6 Bxf3 31. Qxf3 Qc7 32. Rc6 Re4 33. Rxc7+ Kxc7 34. Ng3 Re8 35. Qd5 Rb8 36. Qxc4+ Kd7 37. Qxa6 h4 38. Nf1 Rb2 39. c4 h3 40. c5 Bc7 41. d5 Rh4 42. Qc6+ 1-0

[Event "21st IPCA World Championship 2022"]
[Site "Ashdod"]
[Date "2022.05.12"]
[Round "4.10"]
[White "Vardi, Moshe"]
[Black "Shchukina, Ekaterina"]
[Result "1-0"]
[ECO "B56"]
[WhiteElo "1631"]
[BlackElo "1496"]
[Annotator "NA RC COMBH"]
[PlyCount "69"]
[EventDate "2022.05.09"]
[EventType "swiss"]
[EventCountry "ISR"]
[SourceTitle "playchess.com"]
[Source "ChessBase"]
[SourceQuality "1"]
[TimeControl "5400+30"]

1. e4 c5 2. Nf3 d6 3. d4 cxd4 4. Nxd4 Nf6 5. Nc3 g6 6. Bd3 Nc6 7. Nxc6 bxc6 8. O-O Bg7 9. Kh1 O-O 10. h3 Rb8 11. f4 Nd7 12. Qe1 Nc5 13. f5 Nxd3 14. cxd3 Ba6 15. Rf3 Qa5 16. a3 Rb3 17. Ra2 Bxc3 18. bxc3 Qxc3 19. Bd2 Qd4 20. fxg6 hxg6 21. Qh4 e6 22. Bg5 Rb1+ 23. Kh2 f5 24. Raf2 Rb7 25. Bh6 Rff7 26. Qg3 Qe5 27. Bf4 Qg7 28. Bxd6 fxe4 29. dxe4 Rxf3 30. Rxf3 Rf7 31. Rb3 Bb5 32. a4 Bxa4 33. Rb8+ Kh7 34. Qh4+ Qh6 35. Rh8+ 1-0

[Event "21st IPCA World Championship 2022"]
[Site "Ashdod"]
[Date "2022.05.12"]
[Round "4.11"]
[White "Oliel, Yehonatan"]
[Black "Klein, Djimmy"]
[Result "1-0"]
[ECO "C56"]
[WhiteElo "1535"]
[BlackElo "1392"]
[Annotator "NA RC COMBH"]
[PlyCount "108"]
[EventDate "2022.05.09"]
[EventType "swiss"]
[EventCountry "ISR"]
[SourceTitle "playchess.com"]
[Source "ChessBase"]
[SourceQuality "1"]
[TimeControl "5400+30"]

1. e4 e5 2. Nf3 Nc6 3. d4 exd4 4. Bc4 Nf6 5. Ng5 d5 6. exd5 Na5 7. Qxd4 Nxc4 8. Qxc4 Bd6 9. Nc3 a6 10. O-O O-O 11. Qh4 h6 12. Nf3 Nh7 13. Qxd8 Rxd8 14. Ne4 Bf5 15. Re1 Nf8 16. Nxd6 Rxd6 17. c4 g5 18. b3 f6 19. Ba3 Rd7 20. Re3 Kf7 21. Rae1 Bg6 22. Nd4 Kg8 23. h3 Rc8 24. Ne6 Rf7 25. Nxf8 Rfxf8 26. Bxf8 Kxf8 27. Re7 Re8 28. Rxe8+ Bxe8 29. c5 Bd7 30. d6 cxd6 31. cxd6 Bc6 32. Re7 f5 33. Rh7 Ke8 34. Rxh6 Kd7 35. g3 b5 36. b4 f4 37. gxf4 gxf4 38. Rf6 f3 39. h4 Bd5 40. a3 Be6 41. Rxe6 Kxe6 42. d7 Kxd7 43. Kf1 Ke6 44. Ke1 Kf5 45. Kd2 Kg4 46. Ke3 Kxh4 47. Kxf3 Kg5 48. Ke4 Kf6 49. Kd5 Kf5 50. Kc6 Kf4 51. Kb6 Kf3 52. Kxa6 Kxf2 53. Kxb5 Ke2 54. a4 Kd3 1-0